 Dungeon Crawl Stone Soup version 0.30-a0-118-ga018f8e90f (webtiles) character file.

Game seed: 11090923659568579487

110 LnG the Covered (level 4, -8/40 HPs)
             Began as a Hill Orc Fighter on Sept 13, 2022.
             Killed by divine providence
             ... invoked by an orc priest
              (14 damage)
             ... on level 3 of the Dungeon.
             The game lasted 00:05:15 (2436 turns).

LnG the Covered (Hill Orc Fighter)                  Turns: 2436, Time: 00:05:17

Health: -8/40      AC:  7    Str: 20    XL:     4   Next: 91%
Magic:  4/4        EV:  9    Int:  8    God:
Gold:   61         SH:  4    Dex: 10    Spells: 3/3 levels left

rFire   . . .      SeeInvis .    a - +0 war axe
rCold   . . .      Faith    .    c - +0 buckler
rNeg    . . .      Spirit   .    b - +0 scale mail
rPois   .          Reflect  .    (no helmet)
rElec   .          Harm     .    (no cloak)
rCorr   .          Rampage  .    (no gloves)
Will    .....                    (no boots)
Stlth   ..........               (no amulet)
HPRegen 0.13/turn                (no ring)
MPRegen 0.09/turn                (no ring)

@: no status effects
A: no striking features
a: Convert to Beogh


You were on level 3 of the Dungeon.
You visited 1 branch of the dungeon, and saw 3 of its levels.

You collected 61 gold pieces.

Inventory:

Hand Weapons
 a - a +0 war axe (weapon)
Armour
 b - a +0 scale mail (worn)
 c - a +0 buckler (worn)
Scrolls
 e - a scroll of identify {unknown}
 g - a scroll of torment {unknown}
 h - a scroll of teleportation {unknown}
 i - a scroll of summoning {unknown}
 j - a scroll of fog {unknown}
 k - a scroll of enchant armour {unknown}
 m - a scroll of acquirement {unknown}
Potions
 d - 2 potions of might
 f - 3 potions of curing {unknown}
 l - a potion of lignification {unknown}


   Skills:
 + Level 4.2 Fighting
 + Level 4.1 Axes
 + Level 4.3 Armour
 + Level 0.3 Dodging
 + Level 0.2 Stealth
 + Level 3.8 Shields


You had 3 spell levels left.
You didn't know any spells.
Your spell library was empty.

Dungeon Overview and Level Annotations

Branches:
Dungeon (3/15)

Altars:

Shops:
D:1 !*?(


Message History

The orc priest barely misses you.
You barely miss the orc priest. You hit the orc priest. You hit the orc wizard.
The orc priest hits you but does no damage.
The orc wizard hits you but does no damage.
The orc priest hits you but does no damage.
The orc wizard closely misses you.
The orc priest shouts, "Beogh is our master!
Accept the truth or die!"
The orc priest hits you but does no damage.
The orc priest calls upon Beogh to heal the orc wizard.
The orc wizard is healed somewhat.
You barely miss the orc priest.
The orc priest shouts, "Join the one true god or die!"
You hit the orc priest but do no damage.
You hit the orc wizard. The orc priest barely misses you.
The orc wizard hits you with a +0 dagger.
The orc priest hits you but does no damage.
The orc priest threatens, "By the altar or by the axe, you will meet Beogh!"
You bump into the rock wall.
The orc priest hits you with a +0 whip.
The orc wizard hits you but does no damage.
The orc priest hits you but does no damage.
Unknown command.
The orc priest attacks as you move away!
The orc priest shouts, "Join the one true god or die!"
The orc priest barely misses you.
The orc priest begins to cast a cantrip, but forgets the words!
You hit the orc wizard but do no damage.
The orc wizard is heavily wounded.
You feel less confused.
The orc wizard hits you but does no damage.
The orc priest invokes the aid of Beogh against you.
Beogh smites you!
* * * LOW HITPOINT WARNING * * *
You hit the orc wizard.
The orc wizard is severely wounded.
You hit the orc priest.
The orc priest shouts, "Join the one true god or die!"
The orc wizard closely misses you. The orc priest closely misses you.
The orc priest calls down the wrath of Beogh upon you.
Beogh smites you!
You die...

....# .....
........?#
.........#
#..#.....#
###..#.....#
..........## ..#.
#.#o........
.....#.#o).......
##...@o......#
#.......######
.....####.# ##.
.... #.#####.. ...
#.......##
....#####.........
. ..............#
..#####.......#
#.......#


You could see 2 orc priests and an orc wizard.

Vanquished Creatures
  6 adders (D:2)
  A gnoll (D:1)
  An orc (D:3)
  6 ball pythons
  3 bats
  5 endoplasms
  2 giant cockroaches (D:1)
  6 goblins
  A hobgoblin (D:2)
  3 jackals (D:1)
  A quokka (D:2)
  3 frilled lizards
  A kobold (D:1)
  5 rats (D:1)
44 creatures vanquished.

Notes
Turn   | Place    | Note
-------+----------+-------------------------------------------
     0 | D:1      | LnG the Hill Orc Fighter began the quest for the Orb.
     0 | D:1      | Reached XP level 1. HP: 19/19 MP: 1/1
   119 | D:1      | Found Xuluat's Antique Weapon Shoppe.
   174 | D:1      | Reached XP level 2. HP: 17/27 MP: 2/2
   365 | D:1      | Found Ryosk's Magic Scroll Boutique.
   562 | D:1      | Found Yzuilon's General Store.
   623 | D:1      | Reached XP level 3. HP: 27/33 MP: 3/3
   690 | D:1      | Found Libratz's Distillery.
  1407 | D:2      | Reached XP level 4. HP: 37/40 MP: 4/4
  2436 | D:3      | Killed from afar by an orc priest

Illustrated notes

Levels and vault maps discovered:
D:1:      dpeg_arrival_renting, layout_loops_corners, serial_shops, shop, shop,
          nicolae_square_shop, nicolae_shop_waterfront
D:2:      layout_basic, hangedman_decor_push
D:3:      layout_rooms

Skill      XL: |  1  2  3  4 |
---------------+-------------+-----
Fighting       | 4 |  4.2
Axes           | 3 4 |  4.1
Armour         | 4 |  4.3
Dodging        | |  0.3
Stealth        | |  0.2
Shields        | |  3.8

Action                   |  1- 3 |  4- 6 || total
-------------------------+-------+-------++-------
Melee: War axe           |    67 |    66 ||   133
Armor: Scale mail        |    32 |    54 ||    86
Dodge: Dodged            |    29 |    29 ||    58
Block: Buckler           |    17 |    19 ||    36

Table legend: (Time is in decaauts)
 A = Elapsed time spent in this place.
 B = Non-inter-level travel time spent in this place.
 C = Inter-level travel time spent in this place.
 D = Time resting spent in this place.
 E = Time spent auto-exploring this place.
 F = Levels seen in this place.
 G = Mean time per level.
                   A        B        C        D        E       F      G
               +--------+--------+--------+--------+--------+-----+--------+
         Total |   2486 |   2412 |     74 |    699 |   1385 |   3 |  828.7 |
       Dungeon |   2486 |   2412 |     74 |    699 |   1385 |   3 |  828.7 |
               +--------+--------+--------+--------+--------+-----+--------+

Top non-repeatable levels by time:
     D:2: 1252 daAuts
     D:1: 1197 daAuts
     D:3: 36 daAuts
